 Dungeon Crawl Stone Soup version 0.30-a0-141-g30f27751c5 (webtiles) character file.

Game seed: 16468100130690268227

44 Zonian the Sneak (level 3, -1/18 HPs)
             Began as a Vine Stalker Brigand on Sept 26, 2022.
             Slain by a goblin
             ... wielding a +0 club
             ... led by Robin
              (3 damage)
             ... on level 2 of the Dungeon.
             The game lasted 00:03:40 (1888 turns).

Zonian the Sneak (Vine Stalker Brigand)             Turns: 1888, Time: 00:03:40

Health: -1/18      AC:  3    Str: 19    XL:     3   Next: 60%
Magic:  0/4        EV: 12    Int: 11    God:
Gold:   90         SH:  0    Dex: 17    Spells: 2/2 levels left

rFire   . . .      SeeInvis .    a - +2 dagger
rCold   . . .      Faith    .    (no shield)
rNeg    . . .      Spirit   +    b - +0 robe
rPois   .          Reflect  .    (no helmet)
rElec   .          Harm     .    c - +0 cloak
rCorr   .          Rampage  .    (no gloves)
Will    .....                    (no boots)
Stlth   +++.......               (no amulet)
HPRegen 0.06/turn                o - +6 ring of strength
MPRegen 0.09/turn                (no ring)

@: no status effects
A: fangs 2, magic shield, antimagic bite, no potion heal 2
a: no special abilities


You were on level 2 of the Dungeon.
You visited 1 branch of the dungeon, and saw 2 of its levels.

You collected 90 gold pieces.

Inventory:

Hand Weapons
 a - a +2 dagger (weapon)
Missiles
 d - 7 poisoned darts (quivered)
 e - 2 curare-tipped darts
Armour
 b - a +0 robe (worn)
 c - a +0 cloak (worn)
 h - a +0 ring mail
Magical Staves
 k - a staff of poison
 r - a staff of cold
Jewellery
 o - a +6 ring of strength (left hand)
Scrolls
 f - 2 scrolls of magic mapping
 i - 2 scrolls of identify {unknown}
 j - 2 scrolls of butterflies {unknown}
 l - a scroll of enchant weapon {unknown}
 q - a scroll of teleportation {unknown}
Potions
 g - 2 potions of heal wounds {unknown}
 m - a potion of curing
 n - a potion of lignification {unknown}
 p - a potion of degeneration {unknown}
 s - a potion of resistance {unknown}


   Skills:
 + Level 2.2 Fighting
 + Level 2.2 Short Blades
 + Level 2.2 Throwing
 + Level 1.3 Dodging
 + Level 5.2 Stealth


You had 2 spell levels left.
You didn't know any spells.
Your spell library was empty.

Dungeon Overview and Level Annotations

Branches:
Dungeon (2/15)

Altars:

Annotations:
D:2 Robin, Sigmund


Innate Abilities, Weirdness & Mutations

You have extremely sharp teeth.
When hurt, damage is shared between your health and your magic reserves.
Your bite disrupts and absorbs the magic of your enemies.
Potions cannot restore your health.


Message History

The poisoned dart barely misses the gnoll.
The gnoll misses you.
A hobgoblin, Sigmund and 2 gnolls come into view.
A goblin comes into view. It is wielding a +0 club.
The gnoll barely misses you.
The hobgoblin shouts!
You hit the gnoll but do no damage. You bite the gnoll, but do no damage.
The gnoll is lightly wounded.
You hear a shout! x3
Sigmund gestures at you while chanting. The magic dart hits you!
The gnoll hits you with a +2 antimagic spear.
You feel your power leaking away.
You hear a shout! x2
The gnoll hits you from afar with a +2 antimagic spear.
As you read the scroll labelled SUGANITHAELA, it crumbles to dust.
You feel aware of your surroundings.
You sensed 1 altar.
It was a scroll of magic mapping.
The gnoll looks more healthy.
A goblin comes into view. It is wielding a +0 club.
The gnoll hits you from afar with a +2 antimagic spear.
* * * LOW HITPOINT WARNING * * *
You feel your power leaking away.
Okay, then.
You aren't carrying any items that you can evoke.
Unknown command.
Throw: 3 darts (curare)
Press: ? - help, Shift-Dir - straight line, f/p - gnoll
Aim: a gnoll, wielding a +2 antimagic spear (moderately wounded, 65% to hit)
You throw a curare-tipped dart.
The curare-tipped dart barely misses the gnoll.
A hobgoblin comes into view.
Unknown command.
The goblin attacks as you move away! The goblin hits you but does no damage.
Robin of the Strong Arm comes into view.
They are wielding a +0 club and wearing a +2 helmet of intelligence.
The goblin attacks as you move away! The goblin hits you with a +0 club.
* * * LOW HITPOINT WARNING * * *
It was a potion of curing.
That felt strangely inert.
The goblin hits you but does no damage. The goblin attacks as you move away!
The goblin hits you with a +0 club.
You die...

,,,,,,,,,..###.##..#.###.........
,,,,,,,,,........................
,,,,,,***#.###.##....##......##..
,,,,,,* #...........##..........
,,,,,,* #.###.####..##......##..
,,,,,,* #.###.####..##......<#..
,,,,,,* #............#.#........
,,,,,,* #..##.####.....#....###.
,,,,,,* #..g..g@......>.........
,,,,,,* ##g#######..##.#........
**********#.# *,,##......##.†
**,,,,,,,,#.# *,,*#.#....##..
**,,,,,,,,#.# *,,,...........
**,,,,,,,,#g#**** *,,,,,.........
**,,......ggg~.~#**,***,#..#..#..
*,,..g...g###~g...,***,#.,#<.#..
*,,.@...gg~8~*~..~,,,,,,,,#.,#..


You could see 2 gnolls and a goblin.

Vanquished Creatures
  An adder (D:2)
  A dart slug (D:1)
  2 bats
  3 endoplasms
  3 giant cockroaches (D:1)
  3 goblins (D:1)
  2 hobgoblins (D:1)
  3 quokkas (D:1)
  6 ball pythons (D:1)
  4 frilled lizards
  2 kobolds (D:1)
  A rat (D:2)
31 creatures vanquished.

Notes
Turn   | Place    | Note
-------+----------+-------------------------------------------
     0 | D:1      | Zonian the Vine Stalker Brigand began the quest for the
                  | Orb.
     0 | D:1      | Reached XP level 1. HP: 11/11 MP: 2/2
   597 | D:1      | Reached skill level 1 in Dodging
   597 | D:1      | Reached XP level 2. HP: 14/15 MP: 1/3
   746 | D:1      | Reached skill level 5 in Stealth
  1332 | D:1      | Reached XP level 3. HP: 18/18 MP: 4/4
  1874 | D:2      | Noticed Sigmund
  1881 | D:2      | Noticed Robin
  1888 | D:2      | Slain by a goblin

Illustrated notes

Levels and vault maps discovered:
D:1:      onia_arrival_mini_spirals, layout_rooms, minmay_misc_feat_hallway,
          chequers_garden
D:2:      layout_basic, dreamdust_ecumenical_altar_drowned_temple,
          feat_on_display, uniq_robin, uniq_sigmund

Skill      XL: |  1  2 |
---------------+-------+-----
Dodging        | 1 |  1.3
Fighting       | 2 |  2.2
Short Blades   | 2 |  2.2
Throwing       | 2 |  2.2
Stealth        | 5 |  5.2

Action                   || total
-------------------------++-------
Melee: Dagger            ||    82
       Bite              ||    17
Throw: Dart              ||     5
  Use: Scroll            ||     1
       Potion            ||     1
 Stab: Sleeping          ||     4
Armor: Robe              ||    22
Dodge: Dodged            ||    46

Table legend: (Time is in decaauts)
 A = Elapsed time spent in this place.
 B = Non-inter-level travel time spent in this place.
 C = Inter-level travel time spent in this place.
 D = Time resting spent in this place.
 E = Time spent auto-exploring this place.
 F = Levels seen in this place.
 G = Mean time per level.
                   A        B        C        D        E       F      G
               +--------+--------+--------+--------+--------+-----+--------+
         Total |   1878 |   1862 |     16 |    873 |    518 |   2 |  939.0 |
       Dungeon |   1878 |   1862 |     16 |    873 |    518 |   2 |  939.0 |
               +--------+--------+--------+--------+--------+-----+--------+

Top non-repeatable levels by time:
     D:1: 1615 daAuts
     D:2: 262 daAuts
